AoeStats
← brule.jeremie

Pilgrims

509582841Analyzed
2v2 RM · 5d ago on Sep 27, 2026· 94m 5s· 4 players
Game mode
Random Map
Map size
Medium (4 player)
Population
200
Speed
Normal
Resources
Standard
Victory
Conquest
Starting age
Dark Age
Ending age
Imperial Age
RankedLock teamsTeams togetherTeam positionsShared explorationLock speedFull tech treeHidden civsTurbo modeCheats
Victory
Defeat
🇫🇷 Persians · France
832
+15
🇫🇷 Spanish · France
784
+17
🇩🇪 Dravidians · Germany
813
-16
🇬🇧 Teutons · United Kingdom
804
-16
AVAbest
11:29 Loom
14:03 Feudal Age
16:10 Wheelbarrow
17:07 Double-Bit Axe
21:51 Castle Age
23:31 Fletching
23:57 Bow Saw
25:46 Forging
27:07 Hand Cart
26:36 Fishing Lines
27:27 Gillnets
28:33 Medium Warships
30:09 Husbandry
39:04 Bodkin Arrow
39:10 Padded Archer Armor
40:25 Squires
40:12 Arson
41:33 Gold Mining
41:37 Stone Mining
45:21 Imperial Age
44:07 Horse Collar
46:29 Bracer
46:44 Leather Archer Armor
46:39 Thumb Ring
45:54 Crossbowman
49:17 Ring Archer Armor
49:16 Conscription
48:48 Arbalester
49:53 Ballistics
50:33 Chemistry
52:02 Two-Man Saw
52:50 Heavy Plow
57:00 Murder Holes
57:18 Masonry
62:51 Iron Casting
62:17 Scale Mail Armor
66:04 Blast Furnace
68:35 Siege Elephant
70:26 Chain Mail Armor
77:23 Pikeman
79:51 Plate Mail Armor
79:49 Scale Barding Armor
84:59 Wootz Steel
84:33 Light Cavalry
87:23 Halberdier
89:00 Arson
Bozorix
4:18 Loom
13:13 Feudal Age
14:33 Wheelbarrow
14:03 Fishing Lines
14:33 Double-Bit Axe
15:12 Town Watch
16:14 Gold Mining
17:26 Fletching
17:36 Stone Mining
20:23 Castle Age
18:26 Scale Mail Armor
19:46 Forging
21:46 Bodkin Arrow
22:06 Chain Mail Armor
22:41 Squires
22:05 Pikeman
24:23 Iron Casting
24:05 Gillnets
25:14 Stone Shaft Mining
26:52 Bow Saw
28:06 Arson
30:25 Horse Collar
34:48 Imperial Age
33:05 Ballistics
32:36 Heated Shot
32:57 Masonry
35:33 Heavy Plow
37:05 Chemistry
35:51 Arrowslits
36:56 Crenellations
37:05 Conscription
40:33 Hand Cart
51:10 Plate Mail Armor
58:04 Guilds
87:28 Elite Skirmisher
89:45 Padded Archer Armor
AkouNamatatA
11:32 Feudal Age
12:40 Double-Bit Axe
22:07 Town Watch
24:31 Castle Age
24:57 Demolition Ship
25:48 Medium Warships
26:00 Husbandry
32:14 Bloodlines
34:16 Bow Saw
39:30 Ballistics
39:22 Clinker Construction
39:23 Careening
39:19 Siphons
38:45 Light Cavalry
38:47 Man-at-Arms
39:12 Gambesons
39:29 Squires
40:28 Pikeman
45:21 Parthian Tactics
44:17 Elite Skirmisher
45:14 Devotion
47:22 Fishing Lines
55:33 Imperial Age
54:12 Padded Archer Armor
54:23 Forging
54:05 Fletching
55:05 Kamandaran
55:13 Heavy Demolition Ship
56:22 Heavy Warships
56:28 Heavy Warships
57:14 Chemistry
56:05 Guard Tower
56:40 Incendiaries
56:51 Carvel Hull
57:09 Heavy Camel Rider
59:11 Elite Cannon Galleon
63:28 Heavy Cavalry Archer
66:12 Cavalier
68:39 Savar
75:24 Thumb Ring
74:39 Crossbowman
89:51 Sappers
90:57 Hoardings
brule.jeremie
5:25 Loom
12:28 Feudal Age
14:30 Wheelbarrow
13:44 Double-Bit Axe
15:47 Fishing Lines
17:24 Forging
21:47 Castle Age
23:34 Hand Cart
23:05 Town Watch
25:58 Gillnets
29:34 Imperial Age
28:40 Medium Warships
30:29 Gold Mining
31:28 Conscription
32:39 Iron Casting
32:10 Scale Barding Armor
31:56 Fletching
32:17 Pikeman
33:36 Cavalier
34:59 Bloodlines
35:41 Stone Mining
36:37 Town Patrol
37:23 Ballistics
42:46 Husbandry
42:07 Light Cavalry
44:24 Chemistry
43:19 Murder Holes
49:34 Blast Furnace
48:30 Bodkin Arrow
48:51 Masonry
48:08 Elite Conquistador
53:07 Bracer
55:18 Scale Mail Armor
55:18 Padded Archer Armor
55:39 Chain Barding Armor
60:00 Architecture
59:37 Paladin
61:32 Elite Skirmisher
64:20 Hoardings
68:51 Halberdier
74:30 Leather Archer Armor
74:31 Chain Mail Armor
74:51 Plate Barding Armor
76:50 Thumb Ring
77:35 Plate Mail Armor
77:01 Arrowslits
83:30 Squires
84:01 Guard Tower
85:58 Supremacy
85:10 Sappers
93:26 Keep
93:02 Fortified Wall
93:03 Careening
Connection lost

Rejoining the realm…

Still unreachable

The connection could not be restored.

Session expired

The server has moved on; the page needs a fresh start.